 Dungeon Crawl Stone Soup version 0.19.5 (webtiles) character file.

45 equalderp2856 the Scratcher (level 3, 0/25 HPs)
             Began as a Felid Fighter on Mar 11, 2017.
             Succumbed to an adder's poison
             ... on level 2 of the Dungeon.
             The game lasted 00:02:51 (1141 turns).

equalderp2856 the Scratcher (Felid Fighter)         Turns: 1141, Time: 00:02:52

Health: 0/25       AC: 21    Str: 13    XL:     3   Next: 42%
Magic:  4/4        EV:  4    Int:  9    God:
Gold:   49         SH:  0    Dex: 15    Spells: 0 memorised, 2 levels left
                                        Lives:  0   Deaths: 0

rFire  + . .     SeeInvis +       - Unarmed
rCold  . . .     Gourm    .     (armour unavailable)
rNeg   + + +     Faith    .     (shield unavailable)
rPois  +         Spirit   .     (helmet unavailable)
rElec  .         Reflect  .     (cloak unavailable)
rCorr  .         Harm     .     (gloves unavailable)
MR     .....     NoTele   +     (boots unavailable)
Stlth  +.........               (no amulet)
                                d - ring of protection from fire
                                c - ring of positive energy

@: lethally poisoned (0 -> -2), tree-form
A: no armour, no weapons or thrown items, stealth, (claws 0), (fangs 0), see
invisible, carnivore 3, (speed 0), (shaggy fur 0), slow metabolism 1, (sharp
paws)
a: no special abilities


You were on level 2 of the Dungeon.
You were not hungry.
You were a tree.
You visited 1 branch of the dungeon, and saw 2 of its levels.

You collected 49 gold pieces.

Inventory:

Missiles
 e - 19 arrows
Jewellery
 c - a ring of positive energy (left branch)
 d - a ring of protection from fire (right branch)
Potions
 a - a potion of might
Comestibles
 b - 2 meat rations
 f - a slice of pizza
 k - a bread ration


   Skills:
 + Level 3.4 Fighting
 + Level 4.2 Dodging
 + Level 4.8 Unarmed Combat


You had 2 spell levels left.
You didn't know any spells.

Dungeon Overview and Level Annotations

Branches:
Dungeon (2/15)

Altars:
Gozag


Innate Abilities, Weirdness & Mutations

You cannot wear armour.
You are incapable of wielding weapons or throwing items.
Your paws allow you to move quietly. (Stealth)
((You have sharp claws.))
((You have razor-sharp teeth.))
You have supernaturally acute eyesight. (SInv)
You are carnivorous and can eat meat at any time.
((You cover ground quickly.))
((You are covered in fur. (AC +1)))
You have a slow metabolism.
((Your sharp claws are effective at attacking unaware monsters.))


Message History

You hear a loud clanging noise!
It was a scroll of noise.
You hear an angry hiss.
Unknown command.
Okay, then.
As you read the scroll labeled SIESUI ASAPN, it crumbles to dust.
You feel aware of your surroundings.
It was a scroll of magic mapping.
* * * LOW HITPOINT WARNING * * *
You feel sick.
Okay, then.
As you read the scroll labeled GIDAENWUEGIESO, it crumbles to dust.
The scroll dissolves into smoke.
It was a scroll of fog.
Okay, then.
As you read the scroll labeled ANKYXU TISYSUCK, it crumbles to dust.
It is a scroll of identify.
c - an uncursed ring of positive energy
c - a ring of positive energy (left branch)
d - a ring of protection from fire (right branch) Unknown command.
You die...

,,,,,,,,* ##..#,,,#.# ,,,,,,,,*
#..#**.#.# ,,,,,,,,*
###########..###.#.# ,,,,,,,,*
#........###..##.#.# ,,,,,,,,*
#........# #..##.#.# ,,,******
#..§§....# ##.##.#.# ,,,*
#..§§§§§§# #..#.#.# ,,,*
#...§§§§.# #..#.#.#
,,,**********#§§♣#** #....#.#
,,,,,,,,,,***#§§§#######...#.####
,,,,,,,,,,,,,+§§§'.......>.#.....
,,,,,,,,,,,**#§..#########.######
,,,,,,,,,,,* #...#......##.#
,,,,,,,,,,,* #...#......##.####
,,,,,,,,,,,* #...#............#
,,,,,,,,,,,* ####.............#
,,,,,,,,,,,* #.............#


There were no monsters in sight!

Vanquished Creatures
  An adder (D:2)
  An ooze (D:1)
  2 dart slugs (D:1)
  A leopard gecko (D:1)
  3 bats (D:1)
  3 goblins (D:1)
  5 hobgoblins
  3 kobolds (D:1)
  A ball python (D:1)
  3 frilled lizards
  4 rats (D:1)
27 creatures vanquished.

Notes
Turn   | Place    | Note
-------+----------+-------------------------------------------
     0 | D:1      | equalderp2856 the Felid Fighter began the quest for the Orb.
     0 | D:1      | Reached XP level 1. HP: 10/10 MP: 2/2
   163 | D:1      | Reached XP level 2. HP: 14/14 MP: 3/3
   528 | D:1      | Reached XP level 3. HP: 17/17 MP: 4/4
  1056 | D:2      | Found an opulent altar of Gozag.
  1136 | D:2      | HP: 1/25 [poisoned by an adder]
  1141 | D:2      | Succumbed to an adder's poison

Action                   || total
-------------------------++-------
Melee: Unarmed           ||    75
       Bite              ||     7
  Use: Scroll            ||     4
       Potion            ||     1
 Stab: Sleeping          ||     1
  Eat: Chunk             ||     3
Armor: Skin              ||     2
Dodge: Dodged            ||    54
